 Dungeon Crawl Stone Soup version 0.30-b1-2-g02819fbbbe (webtiles) character file.

Game seed: 10447474210998441742

161 Echedenyan the Conjurer (level 5, -7/36 HPs)
             Began as a Human Conjurer on July 17, 2023.
             Mangled by Crazy Yiuf
             ... wielding a +4 quarterstaff of chaos
              (9 damage)
             ... on level 3 of the Dungeon.
             The game lasted 00:12:15 (3005 turns).

Echedenyan the Conjurer (Human Conjurer)            Turns: 3005, Time: 00:12:16

Health: -7/36      AC:  2    Str: 14    XL:     5   Next: 70%
Magic:  6/9        EV: 12    Int: 18    God:
Gold:   165        SH:  3    Dex: 13    Spells: 9/10 levels left

rFire   . . .        k - +0 trident
rCold   . . .        e - +0 buckler
rNeg    . . .        a - +0 robe
rPois   .            (no helmet)
rElec   .            (no cloak)
rCorr   .            (no gloves)
SInv    .            (no boots)
Will    .....        (no amulet)
Stlth   ++           (no ring)
HPRegen 0.26/turn    (no ring)
MPRegen 0.11/turn

%: no passive effects
@: no status effects
A: agile 1, strong 2
a: no special abilities


You were on level 3 of the Dungeon.
You visited 1 branch of the dungeon, and saw 4 of its levels.

You collected 165 gold pieces.

Inventory:

Hand Weapons
 d - a +0 dagger
 k - a +0 trident (weapon)
 l - a +0 whip
 q - a +0 spear
Missiles
 j - 3 atropa-tipped darts
Armour
 a - a +0 robe (worn)
 e - a +0 buckler (worn)
 h - a +0 plate armour
Scrolls
 f - 2 scrolls of teleportation {unknown}
 g - a scroll of fear {unknown}
 i - a scroll of poison {unknown}
 o - a scroll of identify {unknown}
 r - 2 scrolls of immolation
Potions
 b - a potion of magic
 c - a potion of berserk rage {unknown}
 m - a potion of lignification {unknown}
 n - a potion of mutation
 p - a potion of brilliance {unknown}


   Skills:
 + Level 0.5 Fighting
 + Level 1.1 Polearms
 + Level 2.3 Dodging
 + Level 2.5 Stealth
 + Level 0.3 Shields
 + Level 3.0 Spellcasting
 + Level 5.2 Conjurations


You had 9 spell levels left.
You knew the following spells:

 Your Spells              Type           Power      Damage    Failure   Level
a - Magic Dart            Conj           84%        1d7       2%          1

Your spell library contained the following spells:

 Spells                   Type           Power      Damage    Failure   Level
 Searing Ray              Conj           42%        2d6       3%          2
 Dazzling Flash           Conj/Hex       24%        N/A       22%         3
 Fulminant Prism          Conj/Hex       6%         3d7       58%         4
 Iskenderun's Mystic Bla  Conj/Tloc      12%        2d5       58%         4


Dungeon Overview and Level Annotations

Branches:
Dungeon (4/15)
 Temple: D:4-7

Altars:
Trog

Shops:
D:1 :

Annotations:
D:3 Crazy Yiuf


Innate Abilities, Weirdness & Mutations

You are agile. (Dex +4, Str/Int -1)
Your muscles are very strong. (Str +8, Int/Dex -2)


Message History

You open the door.
The magic dart hits Crazy Yiuf but does no damage.
Crazy Yiuf shouts!
You miscast Magic Dart.
You are very lightly contaminated with residual magic.
Nothing appears to happen.
The magic dart hits Crazy Yiuf.
Crazy Yiuf is lightly wounded.
The magic dart hits Crazy Yiuf.
Crazy Yiuf is moderately wounded.
Crazy Yiuf hits you with a +4 quarterstaff of chaos.
Crazy Yiuf burns you.
You closely miss Crazy Yiuf.
Crazy Yiuf is moderately wounded.
Crazy Yiuf says, "Citrus cower eyeball!"
Crazy Yiuf hits you with a +4 quarterstaff of chaos!
You block Crazy Yiuf's attack.
You hit Crazy Yiuf.
Crazy Yiuf is heavily wounded.
Crazy Yiuf barely misses you.
You hit Crazy Yiuf.
Crazy Yiuf is heavily wounded.
Crazy Yiuf hits you with a +4 quarterstaff of chaos!
Crazy Yiuf burns you.
* * * LOW HITPOINT WARNING * * *
Your magical contamination has completely faded away.
It was a potion of mutation.
You feel extremely strange.
You feel stronger. x2; You feel agile. Crazy Yiuf closely misses you.
You hit Crazy Yiuf.
Crazy Yiuf is severely wounded.
Crazy Yiuf hits you with a +4 quarterstaff of chaos.
* * * LOW HITPOINT WARNING * * *
Crazy Yiuf burns you.
* * * LOW HITPOINT WARNING * * *
You block Crazy Yiuf's attack.
You hit Crazy Yiuf.
Crazy Yiuf is almost dead.
Crazy Yiuf hits you with a +4 quarterstaff of chaos!
You die...

#.################
#................###
##.......#######...#
######### ###.# #.#
♣♣♣♣♣##.## ###
♣♣♣.♣...#..#
#...#♣..♣.......#
#...g@♣♣♣♣......#
#)..#♣♣ ♣♣..#.## ###
♣♣####


You could see Crazy Yiuf.

Vanquished Creatures
  An ogre (D:3)
  A worm (D:2)
  2 dart slugs (D:2)
  7 bats
  7 endoplasms
  5 giant cockroaches
  6 hobgoblins
  2 jackals (D:2)
  2 quokkas
  3 ball pythons
  5 frilled lizards
  9 goblins
  8 kobolds
  9 rats
67 creatures vanquished.

Notes
Turn   | Place    | Note
-------+----------+-------------------------------------------
     0 | D:1      | Echedenyan the Human Conjurer began the quest for the Orb.
     0 | D:1      | Reached XP level 1. HP: 13/13 MP: 3/3
   327 | D:1      | Reached XP level 2. HP: 19/19 MP: 1/5
   804 | D:1      | Reached XP level 3. HP: 23/24 MP: 2/6
   995 | D:1      | Found Voach's Vocational Training.
  1768 | D:2      | Reached XP level 4. HP: 30/30 MP: 2/7
  1868 | D:2      | Found a faded altar of an unknown god.
  1957 | D:2      | Found a bloodstained altar of Trog.
  2452 | D:2      | Reached skill level 5 in Conjurations
  2828 | D:3      | Noticed an ogre
  2842 | D:3      | Killed an ogre
  2843 | D:3      | Reached skill level 1 in Polearms
  2843 | D:3      | Reached XP level 5. HP: 19/36 MP: 5/9
  2991 | D:3      | Found a runed translucent door.
  2992 | D:3      | Noticed Crazy Yiuf
  3003 | D:3      | Gained mutation: Your muscles are strong. (Str +4, Int/Dex
                  | -1) [potion of mutation]
  3003 | D:3      | Gained mutation: Your muscles are very strong. (Str +8,
                  | Int/Dex -2) [potion of mutation]
  3003 | D:3      | Gained mutation: You are agile. (Dex +4, Str/Int -1)
                  | [potion of mutation]
  3005 | D:3      | Mangled by Crazy Yiuf

Illustrated notes

Levels and vault maps discovered:
D:1:      onia_arrival_pyramid, layout_basic, nrook_mini_backslash,
          chequers_serial_rivers_micro_e, serial_park_tiny_1,
          chequers_serial_rivers_small_a, nicolae_shop_vocational
D:2:      layout_rooms, basic_altar, hellmonk_ecumenical_altar_blasted,
          serial_rivers, chequers_serial_rivers_small_3,
          chequers_serial_rivers_room_a, chequers_serial_rivers_marsh,
          chequers_serial_rivers_large_b, chequers_serial_rivers_micro_b,
          chequers_serial_rivers_room_a, nrook_loot_triangle,
          minmay_pentomino_s4
D:3:      layout_basic, mainiacjoe_overflow_concentric_impassable,
          serial_curves, eino_curves_04, eino_curves_02,
          gammafunk_ghost_cemetery, uniq_crazy_yiuf_cottage
D:4:      layout_loops_corners, evilmike_ruin_ashenzari,
          serial_co_window_serial, co_window_paths_a, co_window_paths_a,
          co_window_corner_a, co_window_corner_a, co_window_paths_b,
          co_window_broadway_c, co_window_of_opportunity_b,
          co_window_of_opportunity_b, glass_columns_a, glass_columns_b,
          glass_columns_c, kennysheep_generic_room_5

Skill      XL: |  1  2  3  4 |
---------------+-------------+-----
Conjurations   | 5 |  5.2
Polearms       | 1 |  1.1
Spellcasting   | 3 |  3.0
Fighting       | |  0.5
Dodging        | |  2.3
Stealth        | |  2.5
Shields        | |  0.3

Action                     |  1- 3 |  4- 6 || total
---------------------------+-------+-------++-------
  Melee: Dagger            |    14 |       ||    14
         Trident           |    10 |    23 ||    33
   Cast: Magic Dart        |    76 |    47 ||   123
    Use: Potion            |     1 |     1 ||     2
 Armour: Robe              |     8 |     3 ||    11
  Dodge: Dodged            |    14 |    10 ||    24
  Block: Buckler           |     7 |     2 ||     9
